 Dungeon Crawl Stone Soup version 0.25-a0-424-g80bd347 (webtiles) character file.

Game seed: 1746512820287083114, levelgen mode: deterministic

12409 relicbr the Geomancer (level 11, 0/69 HPs)
             Began as a Deep Elf Earth Elementalist on Jan 20, 2020.
             Was a Priest of Sif Muna.
             Slain by a yak (7 damage)
             ... on level 1 of the Lair of Beasts.
             The game lasted 00:30:16 (13651 turns).

relicbr the Geomancer (DEEE)                       Turns: 13651, Time: 00:30:17

Health: 0/69       AC: 11    Str:  5    XL:     11   Next: 62%
Magic:  19/27      EV: 13    Int: 24    God:    Sif Muna [***...]
Gold:   372        SH:  5    Dex: 15    Spells: 19/30 levels left

rFire    . . .     SeeInvis .   a - +0 short sword (flame)
rCold    . . .     Gourm    .   s - +2 buckler
rNeg     + . .     Faith    .   N - +1 acid dragon scales
rPois    .         Spirit   .   m - +0 helmet
rElec    .         Reflect  .   M - +1 cloak {MR+}
rCorr    +         Harm     .   t - +0 pair of gloves
MR       ++...                  (no boots)
Stlth    ++........             (no amulet)
HPRegen  0.21/turn              w - ring of positive energy
MPRegen  0.20/turn              x - +3 ring of evasion

@: no status effects
A: no striking features
a: Channel Magic, Forget Spell, Renounce Religion


You were on level 1 of the Lair of Beasts.
You worshipped Sif Muna.
Sif Muna was most pleased with you.
You were not hungry.

You visited 3 branches of the dungeon, and saw 12 of its levels.

You collected 484 gold pieces.
You spent 112 gold pieces at shops.

Inventory:

Hand Weapons
 a - a +0 short sword of flaming (weapon)
 b - a +1 dagger of venom
Missiles
 y - 33 poisoned darts (quivered)
 P - 59 stones
Armour
 m - a +0 helmet (worn)
 s - a +2 buckler (worn)
 t - a +0 pair of gloves (worn)
 C - a +0 large shield
 M - a +1 cloak of magic resistance (worn)
 N - +1 acid dragon scales (worn)
Magical Staves
 I - an uncursed staff of death
Jewellery
 c - an uncursed ring of fire {unknown}
 w - a ring of positive energy (left hand)
 x - a +3 ring of evasion (right hand)
Wands
 B - a wand of disintegration (11)
 F - a wand of clouds (9)
 L - a wand of iceblast (7)
Scrolls
 j - 4 scrolls of fog
 k - 3 scrolls of enchant weapon
 l - 6 scrolls of teleportation
 n - 2 scrolls of amnesia {unknown}
 q - a scroll of holy word {unknown}
 r - 2 scrolls of magic mapping {unknown}
 v - 3 scrolls of enchant armour
 D - a scroll of blinking {unknown}
 E - a scroll of immolation
 K - a scroll of identify
Potions
 e - a potion of berserk rage {unknown}
 f - 2 potions of ambrosia
 g - 4 potions of haste
 h - a potion of might {unknown}
 i - 2 potions of lignification {unknown}
 o - 5 potions of curing
 p - 4 potions of flight {unknown}
 u - a potion of magic {unknown}
 z - 2 potions of brilliance {unknown}
 A - 2 potions of degeneration {unknown}
 G - 2 potions of heal wounds
Miscellaneous
 J - a lightning rod (4/4)
 O - a phial of floods
Comestibles
 d - 9 rations
 H - 5 chunks of flesh


   Skills:
 * Level 8.8 Fighting
 - Level 2.4 Dodging
 - Level 2.4 Stealth
 - Level 10.2 Spellcasting
 - Level 10.4 Conjurations
   Level 1.1 Transmutations
 - Level 11.1 Earth Magic


You had 19 spell levels left.
You knew the following spells:

 Your Spells              Type           Power        Failure   Level  Hunger
a - Sandblast             Erth           ######       1%          1    None
b - Stone Arrow           Conj/Erth      ######       1%          3    None
c - Lee's Rapid Deconstr  Erth           ######....   5%          5    ####...
d - Blink                 Tloc           N/A          28%         2    None

Your spell library contained the following spells:

 Spells                   Type           Power        Failure   Level  Hunger
 Magic Dart               Conj           ####         1%          1    None
 Passwall                 Tmut/Erth      #####...     2%          2    None
 Conjure Flame            Conj/Fire      #####...     7%          3    None
 Mephitic Cloud           Conj/Pois/Air  ####....     14%         3    None
 Petrify                  Tmut/Erth      #####...     16%         4    #......
 Summon Small Mammal      Summ           ##..         19%         1    None
 Call Imp                 Summ           ##......     28%         2    None
 Slow                     Hex            ##......     28%         2    None
 Call Canine Familiar     Summ           ##......     50%         3    None
 Summon Guardian Golem    Hex/Summ       ##......     50%         3    None
 Summon Ice Beast         Ice/Summ       ##......     88%         4    #......
 Summon Lightning Spire   Summ/Air       ##......     88%         4    #......


Dungeon Overview and Level Annotations

Branches:
Dungeon (10/15)            Temple (1/1) D:6            Lair (1/6) D:10
    Orc: D:9-12

Altars:
Cheibriados
Dithmenos
Elyvilon
Gozag
Kikubaaqudgha
Makhleb
Nemelex Xobeh
Ru
Sif Muna
Trog
Uskayaw
Vehumet
Wu Jian
Xom
Zin
The Shining One

Shops:
D:6 !

Annotations:
Lair:1 Gastronok


Message History

Confirm with . or Enter, or press ? or * to list all spells.
Aiming: Sandblast (safe; 1% risk of failure)
Press: ? - help, Shift-Dir - straight line, f/p - yak
Aim: a yak (heavily wounded)
The blast of sand hits the yak!
The yak is severely wounded.
P - 60 stones The yak misses you. The yak barely misses you.
Casting: Sandblast (safe; 1% risk of failure)
Confirm with . or Enter, or press ? or * to list all spells.
Aiming: Sandblast (safe; 1% risk of failure)
Press: ? - help, Shift-Dir - straight line, f/p - yak
Aim: a yak (severely wounded)
The blast of sand hits the yak!
The yak is almost dead.
P - 59 stones The yak gores you!
* * * LOW HITPOINT WARNING * * *
The yak gores you!
You die...

##.#........########.†..#......#
P...+.......#...........#......#
#..##.w....##...........#......#
...##......##.....##....#......+
#.÷.'......##.....##....#.......
..###.............##...........+
..###......#########....+......#
............####.###....##.#P.#.
................@†......>.......
................YY..............
................................
................................
............#P#####†..###P###+##
#####.......### ##..# ##
##......##... #..#
##.......##... #..#
+.............. #Y.#


You could see 2 yaks.

Vanquished Creatures
  A two-headed ogre (D:9)
  Pikel (D:5)
  Maurice (D:8)
  Joseph (D:8)
  A centaur skeleton (D:10)
  Maggie (D:8)
  2 spiny frogs (Lair:1)
  A komodo dragon (Lair:1)
  2 trolls (D:10)
  4 blink frogs (Lair:1)
  3 hippogriffs
  A shadow (D:10)
  A wraith (D:10)
  12 yaks
  4 hogs (D:8)
  A human (D:8)
  Duvessa (D:6)
  2 water moccasins
  4 ice beasts
  4 porcupines
  3 slaves (D:5)
  4 orc warriors
  A sky beast (D:5)
  5 ogres
  A centaur (D:8)
  5 crocodiles
  5 bullfrogs
  Dowan (D:6)
  A water moccasin skeleton (D:8)
  6 scorpions
  8 killer bees
  6 crimson imps
  A bullfrog zombie (D:10)
  2 jellies (D:10)
  6 orc priests
  4 hounds
  6 orc wizards
  2 bullfrog skeletons
  Natasha (D:2)
  4 iguanas
  5 worker ants
  2 killer bee zombies (D:9)
  A hound skeleton (D:5)
  A worker ant zombie (D:9)
  Robin (D:2)
  10 adders
  A howler monkey skeleton (D:4)
  An adder zombie (D:9)
  An adder skeleton (D:8)
  2 worms
  2 dart slugs (D:1)
  6 leopard geckos
  31 orcs
  8 bats
  6 giant cockroaches
  12 goblins
  10 hobgoblins
  6 jackals
  5 kobolds
  3 quokkas
  A ball python (D:4)
  2 frilled lizards
  A giant cockroach zombie (D:5)
  A rat (D:2)
  A fungus (Lair:1)
240 creatures vanquished.

Vanquished Creatures (others)
  16 fungi (D:10)
16 creatures vanquished.

Grand Total: 256 creatures vanquished

Notes
Turn   | Place    | Note
-------+----------+-------------------------------------------
     0 | D:1      | relicbr the Deep Elf Earth Elementalist began the quest for
                  | the Orb.
     0 | D:1      | Reached XP level 1. HP: 10/10 MP: 6/6
   237 | D:1      | Reached skill level 4 in Earth Magic
   237 | D:1      | Reached XP level 2. HP: 15/15 MP: 6/8
   847 | D:2      | Noticed Robin
   850 | D:2      | Reached XP level 3. HP: 19/19 MP: 9/9
   868 | D:2      | Killed Robin
   868 | D:2      | Reached skill level 5 in Earth Magic
  1699 | D:2      | Learned a level 3 spell: Stone Arrow
  2013 | D:2      | Reached XP level 4. HP: 24/24 MP: 6/10
  2114 | D:2      | Noticed Natasha
  2123 | D:2      | Killed Natasha
  2547 | D:3      | Reached skill level 6 in Earth Magic
  3367 | D:4      | Reached XP level 5. HP: 24/28 MP: 11/11
  3810 | D:4      | Reached skill level 7 in Earth Magic
  4183 | D:4      | Reached XP level 6. HP: 16/32 MP: 10/12
  4442 | D:4      | Found a hide-covered altar of Uskayaw.
  4791 | D:5      | Entered Level 5 of the Dungeon
  4866 | D:5      | Reached skill level 8 in Earth Magic
  5145 | D:5      | Noticed an ice beast
  5154 | D:5      | Killed an ice beast
  5479 | D:5      | Noticed a sky beast
  5483 | D:5      | Killed a sky beast
  5483 | D:5      | Reached skill level 9 in Earth Magic
  5483 | D:5      | Reached XP level 7. HP: 36/36 MP: 7/13
  5818 | D:5      | Noticed Pikel
  6075 | D:5      | Killed Pikel
  6075 | D:5      | Reached skill level 11 in Earth Magic
  6075 | D:5      | Reached XP level 8. HP: 41/41 MP: 5/14
  6810 | D:6      | Reached skill level 1 in Conjurations
  6976 | D:6      | Found a staircase to the Ecumenical Temple.
  7001 | D:6      | Found an opulent altar of Gozag.
  7031 | Temple   | Entered the Ecumenical Temple
  7074 | Temple   | Became a worshipper of Sif Muna the Loreminder
  7142 | D:6      | Found Dedyczepi's Distillery.
  7153 | D:6      | Bought a potion of heal wounds for 70 gold pieces
  7153 | D:6      | Bought a potion of curing for 42 gold pieces
  7174 | D:6      | Noticed Dowan
  7175 | D:6      | Noticed Duvessa
  7182 | D:6      | Killed Duvessa
  7182 | D:6      | Reached skill level 5 in Spellcasting
  7204 | D:6      | Killed Dowan
  7224 | D:6      | Found a burning altar of Makhleb.
  7224 | D:6      | Found a shadowy altar of Dithmenos.
  7225 | D:6      | Found a glowing golden altar of the Shining One.
  7475 | D:6      | Got a scorched halberd
  7481 | D:6      | Identified the +10 halberd "Tabbahe" {vorpal, Str+7} (You
                  | found it on level 6 of the Dungeon)
  7517 | D:6      | Found a faded altar of an unknown god.
  7517 | D:6      | Found a shimmering altar of Xom.
  7522 | D:6      | Found a snail-covered altar of Cheibriados.
  7524 | D:6      | Found a faded altar of an unknown god.
  7525 | D:6      | Found a sparkling altar of Nemelex Xobeh.
  8435 | D:7      | Learned a level 5 spell: Lee's Rapid Deconstruction
  8845 | D:7      | Reached XP level 9. HP: 45/45 MP: 20/22
  9241 | D:8      | Found an ancient bone altar of Kikubaaqudgha.
  9245 | D:8      | Learned a level 2 spell: Blink
  9313 | D:8      | Reached * piety under Sif Muna
  9704 | D:8      | Noticed Maurice
  9713 | D:8      | Killed Maurice
  9713 | D:8      | Reached skill level 10 in Spellcasting
  9747 | D:8      | Noticed Maggie
  9753 | D:8      | Killed Maggie
  9955 | D:8      | Noticed Joseph
 10011 | D:8      | Killed Joseph
 10011 | D:8      | Reached XP level 10. HP: 41/50 MP: 10/26
 10562 | D:9      | Got a distressingly furry leather armour
 10577 | D:9      | Identified the +1 leather armour of Ympait {Stlth+} (You
                  | found it on level 9 of the Dungeon)
 10744 | D:9      | Reached ** piety under Sif Muna
 11130 | D:9      | Noticed a two-headed ogre
 11134 | D:9      | Killed a two-headed ogre
 11134 | D:9      | Reached skill level 10 in Conjurations
 11407 | D:10     | Entered Level 10 of the Dungeon
 11409 | D:10     | Reached skill level 1 in Fighting
 11740 | D:10     | Found a staircase to the Lair.
 11781 | D:10     | Reached skill level 5 in Fighting
 12056 | D:10     | Reached XP level 11. HP: 64/64 MP: 19/27
 12680 | Lair:1   | Entered Level 1 of the Lair of Beasts
 12684 | Lair:1   | Noticed Gastronok
 12921 | Lair:1   | Reached *** piety under Sif Muna
 13648 | Lair:1   | HP: 2/69 [yak (7)]
 13651 | Lair:1   | Slain by a yak

Levels and vault maps discovered:
D:1:      minmay_arrival_loop, layout_basic, minmay_misc_feat_more_columns,
          hangedman_decor_push
D:2:      layout_basic, minmay_pentomino_w2, uniq_natasha, uniq_robin
D:3:      layout_loops_ring
D:4:      layout_cave_pods, eat_drink_and_be_merry_uskayaw, first_ration
D:5:      layout_layer_cave, uniq_pikel
D:6:      layout_cave_pods, chequers_temple_overflow_minitemple,
          nicolae_gozag_cash_rules_everything_around_me,
          gammafunk_temple_overflow_forgotten, temple_statues, serial_shops,
          nicolae_shop_competitors_out_of_business, uniq_duvessa
D:7:      layout_loops_ring
D:8:      layout_rooms, basic_altar, grunt_livestock, chequers_avenue,
          uniq_maggie, uniq_maurice, uniq_joseph
D:9:      layout_loops_cross, minmay_diced_spiral
D:10:     layout_basic, due_lair_maze_entry_diamond
Temple:   jpeg_temple_clearing
Lair:1:   layout_regular_city, uniq_gastronok

Skill      XL: |  1  2  3  4  5  6  7  8  9 10 11 |
---------------+----------------------------------+-----
Earth Magic    | 4 5 6 7 9 11 | 11.1
Spellcasting   | 7 10 | 10.2
Conjurations   | 3 8 10 | 10.4
Fighting       | 5 8 |  8.8
Dodging        | |  2.4
Stealth        | |  2.4
Transmutations | |  1.1

Action                   |  1- 3 |  4- 6 |  7- 9 | 10-12 || total
-------------------------+-------+-------+-------+-------++-------
Melee: Short sword       |    41 |   176 |    83 |   117 ||   417
       Whip              |    23 |       |       |       ||    23
       Halberd           |       |       |    19 |       ||    19
       Dagger            |       |       |       |    32 ||    32
Throw: Dart              |       |       |    12 |     5 ||    17
 Cast: Sandblast         |    37 |    26 |    69 |    82 ||   214
       Stone Arrow       |       |    14 |    47 |    71 ||   132
       Lee's Rapid Decon |       |       |     5 |    13 ||    18
Evoke: Wand              |     3 |       |     3 |       ||     6
  Use: Potion            |       |     1 |     5 |     2 ||     8
       Scroll            |       |       |     5 |     5 ||    10
 Stab: Sleeping          |       |     2 |     2 |     1 ||     5
       Confused          |       |       |     4 |       ||     4
  Eat: Chunk             |     3 |     6 |    12 |    14 ||    35
       Ration            |       |     2 |     1 |       ||     3
Armor: Robe              |    20 |     6 |       |       ||    26
       Leather armour    |       |    31 |    31 |       ||    62
       Acid dragon scale |       |       |       |    68 ||    68
Dodge: Dodged            |    56 |    84 |   101 |   145 ||   386
Block: Buckler           |       |    30 |    33 |    54 ||   117

Table legend:
 A = Non-vault XP
 B = Vault XP
 C = Vault XP percentage of total XP
 D = Non-vault monster count
 E = Vault monster count
 F = Vault count percentage of total count
                 A         B        C        D         E       F
            +---------+---------+-------+---------+---------+-------
      Total |   12735 |    4993 |  28.2 |     194 |      42 |  17.8
            +---------+---------+-------+---------+---------+-------
        D:1 |      39 |       0 |   0.0 |      18 |       0 |   0.0
        D:2 |      40 |      72 |  64.3 |      13 |      14 |  51.9
        D:3 |      30 |       0 |   0.0 |      10 |       0 |   0.0
        D:4 |     259 |       0 |   0.0 |      15 |       0 |   0.0
        D:5 |     653 |     651 |  49.9 |      16 |       1 |   5.9
        D:6 |     319 |     228 |  41.7 |       9 |       2 |  18.2
        D:7 |     603 |       0 |   0.0 |      17 |       0 |   0.0
        D:8 |     896 |    2318 |  72.1 |      27 |       8 |  22.9
        D:9 |    1510 |     386 |  20.4 |      18 |       6 |  25.0
       D:10 |    3222 |    1338 |  29.3 |      27 |      11 |  28.9
     Lair:1 |    5164 |       0 |   0.0 |      24 |       0 |   0.0
            +---------+---------+-------+---------+---------+-------
